 Dungeon Crawl Stone Soup version 0.22-a0-443-g17c3723 (webtiles) character file.

113 Rocketpants the Skirmisher (level 4, 0/37 HPs)
             Began as a Demonspawn Fighter on June 1, 2018.
             Was an Initiate of Trog.
             Slain by a phantom (3 damage)
             ... on level 3 of the Dungeon.
             The game lasted 00:11:10 (2365 turns).

Rocketpants the Skirmisher (Demonspawn Fighter)     Turns: 2365, Time: 00:11:10

Health: 0/37       AC:  9    Str: 17    XL:     4   Next: 65%
Magic:  4/4        EV:  4    Int: 10    God:    Trog [......]
Gold:   66         SH:  9    Dex: 12    Spells: 3/3 levels left

rFire    . . .     SeeInvis .   a - +0 war axe
rCold    . . .     Gourm    .   c - +0 shield
rNeg     . . .     Faith    .   g - +0 chain mail
rPois    .         Spirit   .   (no helmet)
rElec    .         Reflect  .   (no cloak)
rCorr    .         Harm     .   (no gloves)
MR       .....                  (no boots)
Stlth    ..........             (no amulet)
HPRegen  0.12/turn              (no ring)
MPRegen  0.09/turn              (no ring)

@: no status effects
A: claws 1
a: Renounce Religion


You were on level 3 of the Dungeon.
You worshipped Trog.
Trog was noncommittal.
You were not hungry.

You visited 1 branch of the dungeon, and saw 3 of its levels.

You collected 66 gold pieces.

Inventory:

Hand Weapons
 a - a +0 war axe (weapon)
Armour
 b - a +0 scale mail
 c - a +0 shield (worn)
 g - a +0 chain mail (worn)
 i - a +0 ring mail
Scrolls
 h - 3 scrolls of remove curse
 j - 2 scrolls of identify
 l - a scroll of enchant weapon {unknown}
 m - a scroll of teleportation {unknown}
 n - a scroll of blinking
Potions
 d - a potion of might
 e - 2 potions of heal wounds {unknown}
 k - 2 potions of brilliance
Comestibles
 f - 3 rations


   Skills:
 + Level 3.8 Fighting
 + Level 2.8 Axes
 + Level 3.2 Armour
 + Level 0.5 Dodging
 + Level 3.1 Shields


You had 3 spell levels left.
You didn't know any spells.
Your spell library was empty.

Dungeon Overview and Level Annotations

Branches:
Dungeon (3/15)

Altars:
Trog


Innate Abilities, Weirdness & Mutations

You have sharp fingernails.


Message History

The phantom is heavily damaged.
The phantom hits you but does no damage.
Your shield and chain mail prevent you from hitting the phantom.
The phantom is heavily damaged.
The phantom hits you but does no damage.
You closely miss the phantom.
The phantom is heavily damaged.
The phantom hits you.
* * * LOW HITPOINT WARNING * * *
You closely miss the phantom.
The phantom is heavily damaged.
The phantom blinks!
You block the giant cockroach's attack.
You hit the giant cockroach but do no damage.
The giant cockroach bites you but does no damage. x2
You hit the giant cockroach.
You kill the giant cockroach!
Trog accepts your kill.
Your chain mail prevents you from hitting the phantom.
The phantom hits you.
You die...

### #.####
#....# #.##.#
#######W##.#
......)@##.#
###.######.#
###### #.#
#....##
#.#######......
#.W.....#......
####W...#......
#............
#....)#######
#(..)†#


You could see a phantom.

Vanquished Creatures
  4 adders
  2 worms
  A dart slug (D:3)
  2 leopard geckos (D:3)
  4 orcs (D:3)
  3 giant cockroaches
  4 goblins
  12 hobgoblins
  4 jackals (D:1)
  7 bats
  A frilled lizard (D:2)
  8 kobolds
  11 rats
63 creatures vanquished.

Notes
Turn   | Place    | Note
-------+----------+-------------------------------------------
     0 | D:1      | Rocketpants the Demonspawn Fighter began the quest for the Orb.
     0 | D:1      | Reached XP level 1. HP: 18/18 MP: 1/1
   455 | D:1      | Gained mutation: You have sharp fingernails. [demonic ancestry]
   455 | D:1      | Reached XP level 2. HP: 22/24 MP: 2/2
   957 | D:1      | Reached XP level 3. HP: 21/29 MP: 3/3
  1731 | D:3      | Reached XP level 4. HP: 29/37 MP: 4/4
  1898 | D:3      | Found a bloodstained altar of Trog.
  1904 | D:3      | Became a worshipper of Trog the Wrathful
  2210 | D:3      | Noticed a phantom
  2365 | D:3      | Slain by a phantom

Vault maps used:
D:1:      lightli_arrival_statuegarden, st_stairs_6, hangedman_decor_points
D:2:      minmay_pentomino_x4
D:3:      kb_forest_paths, nicolae_overflow_crystal_walls, minmay_misc_feat_tiny

Skill      XL: |  1  2  3 |
---------------+----------+-----
Shields        | 3 |  3.1
Axes           | 2 |  2.8
Armour         | 3 |  3.2
Fighting       | |  3.8
Dodging        | |  0.5

Action                   |  1- 3 |  4- 6 || total
-------------------------+-------+-------++-------
Melee: War axe           |   120 |    83 ||   203
  Use: Scroll            |     6 |       ||     6
  Eat: Ration            |     1 |     1 ||     2
Armor: Scale mail        |    37 |       ||    37
       Chain mail        |    47 |    53 ||   100
Dodge: Dodged            |    40 |    21 ||    61
Block: Shield            |    82 |    53 ||   135

Table legend:
 A = Spawn XP
 B = Non-spawn XP
 C = Spawn XP percentage of total XP
 D = Spawn monster count
 E = Non-spawn monster count
 F = Spawn count percentage of total count
 G = Total turns spent on level
                    A         B        C        D         E        F      G
               +---------+---------+-------+---------+---------+-------+---------
         Total |       0 |     162 |   0.0 |       0 |      63 |   0.0 |  2365
               +---------+---------+-------+---------+---------+-------+---------
           D:1 |       0 |      41 |   0.0 |       0 |      23 |   0.0 |  1174
           D:2 |       0 |      46 |   0.0 |       0 |      16 |   0.0 |   457
           D:3 |       0 |      75 |   0.0 |       0 |      24 |   0.0 |   734
               +---------+---------+-------+---------+---------+-------+---------
